 Dungeon Crawl Stone Soup version 0.32-a0-711-g016ad743e0 (webtiles) character file.

Game seed: 10431278458804907181

23893 runemasterragnar the Fighter (level 13, -13/99 HPs)
             Began as an Octopode Shapeshifter on Mar 16, 2024.
             Was an Initiate of Gozag.
             Mangled by a boulder beetle (20 damage)
             ... on level 12 of the Dungeon.
             The game lasted 00:28:59 (19214 turns).

runemasterragnar the Fighter (OpSh)                Turns: 19214, Time: 00:29:00

Health: -13/99     AC:  5    Str: 24    XL:     13   Next: 9%
Magic:  22/22      EV: 14    Int: 18    God:    Gozag
Gold:   653        SH:  7    Dex: 16    Spells: 12/12 levels left

rFire   + .          .
                       - Unarmed
rCold   + . .        i - +2 buckler
rNeg    + . .        (helmet currently unavailable)
rPois   +            (no amulet)
rElec   .            e - ring of see invisible
rCorr   .            p - ring of magical power
SInv    +            A - +4 ring of protection
Will    .....        G - ring "Pogg" {+Blink rC+ Int+6 Dex+4}
Stlth   ++++++       H - ring of positive energy
HPRegen 0.36/turn    u - ring "Kadeweug" {rPois rF+ Str+6}
MPRegen 0.18/turn    (no ring)
                     (no ring)

%: no passive effects
@: beast-form
A: beast (slay +4), almost no armour, amphibious, 8 rings, camouflage 1,
gelatinous body 1, (nimble swimmer 1), tentacles
a: Begin Untransformation, Renounce Religion, Evoke Blink, Potion Petition, Call
Merchant, Bribe Branch


You were on level 12 of the Dungeon.
You worshipped Gozag.
Gozag was pleased with you.
You were a hulking beast.
You visited 3 branches of the dungeon, and saw 15 of its levels.
You visited 1 bazaar.
You also visited: Bailey.

You collected 3013 gold pieces.
You spent 1012 gold pieces at shops.
You paid 1348 gold pieces to Gozag.

Inventory:

Hand Weapons
 f - the +3 whip of Innocence {flame, rPois rC+ rCorr Int+2}
   (You found it on level 5 of the Dungeon)

   Int+2:     It affects your intelligence (+2).
   rC+:       It protects you from cold.
   rPois:     It protects you from poison.
   rCorr:     It protects you from acid and corrosion.
Missiles
 g - 6 atropa-tipped darts
 q - 4 throwing nets
 t - 8 curare-tipped darts (quivered)
 v - 20 poisoned darts
 x - 27 boomerangs
Armour
 i - a +2 buckler (worn)
 z - a +0 kite shield
Magical Staves
 k - a staff of alchemy
Jewellery
 d - an amulet of guardian spirit
 e - a ring of see invisible (left tentacle)
 p - a ring of magical power (right tentacle)
 u - the ring "Kadeweug" (on tentacle) {rPois rF+ Str+6}
   (You acquired it on level 1 of the Orcish Mines)

   [ring of strength]

   Str+6:     It affects your strength (+6).
   rF+:       It protects you from fire.
   rPois:     It protects you from poison.
 A - a +4 ring of protection (on tentacle)
 C - an amulet of magic regeneration
 G - the ring "Pogg" (on tentacle) {+Blink rC+ Int+6 Dex+4}
   (You bought it in a shop in a bazaar)

   [ring of intelligence]

   Int+6:     It affects your intelligence (+6).
   Dex+4:     It affects your dexterity (+4).
   rC+:       It protects you from cold.
   +Blink:    It lets you blink.
 H - a ring of positive energy (on tentacle)
Talismans
 b - a beast talisman (active)
 c - a flux talisman
Wands
 w - a wand of flame (12)
Scrolls
 m - a scroll of brand weapon
 B - 7 scrolls of identify
Potions
 h - 6 potions of curing
 j - a potion of ambrosia
 l - 2 potions of brilliance
 n - 2 potions of degeneration
 s - 2 potions of attraction
 F - a potion of magic
Miscellaneous
 y - a box of beasts (inert)


   Skills:
 * Level 13.1 Fighting
 - Level 6.0 Dodging
 + Level 13.1 Stealth
 - Level 5.0 Shields
 - Level 4.3 Unarmed Combat
 + Level 8.8 Evocations
 + Level 9.1 Shapeshifting


You had 12 spell levels left.
You didn't know any spells.
Your spell library contained the following spells:

 Spells                   Type           Power      Damage    Failure   Level
 Apportation              Tloc           0%         N/A       26%         1
 Magic Dart               Conj           0%         1d3       26%         1
 Necrotise                Necr           0%         1d4       26%         1
 Sting                    Conj/Alch      0%         1d3       26%         1
 Summon Small Mammal      Summ           0%         N/A       26%         1
 Blink                    Tloc           0%         N/A       36%         2
 Jinxbite                 Hex            0%         N/A       36%         2
 Lesser Beckoning         Tloc           0%         N/A       36%         2
 Mercury Vapours          Alch/Air       0%         N/A       36%         2
 Momentum Strike          Conj/Tloc      0%         3d8       36%         2
 Scorch                   Fire           0%         2d5       36%         2
 Searing Ray              Conj           0%         2d4       36%         2
 Static Discharge         Conj/Air       0%         3-3/arc   36%         2
 Inner Flame              Hex/Fire       0%         N/A       61%         3
 Passwall                 Erth           0%         N/A       61%         3
 Tukima's Dance           Hex            0%         N/A       61%         3
 Volatile Blastmotes      Fire/Tloc      0%         2d10      61%         3
 Airstrike                Air            0%         2d(0-16)  95%         4
 Brom's Barrelling Bould  Conj/Erth      0%         2d3       95%         4
 Dimensional Bullseye     Hex/Tloc       0%         N/A       95%         4
 Flame Wave               Conj/Fire      0%         2d4       95%         4
 Fulminant Prism          Conj/Alch      0%         3d5       95%         4
 Iskenderun's Mystic Bla  Conj/Tloc      0%         2d3       95%         4
 Olgreb's Toxic Radiance  Alch           0%         N/A       95%         4
 Sticky Flame             Fire/Alch      0%         2d4       95%         4
 Summon Lightning Spire   Summ/Air       0%         N/A       95%         4
 Fireball                 Conj/Fire      0%         3d3       100%        5
 Iskenderun's Battlesphe  Conj           0%         2d6       100%        5
 Yara's Violent Unravell  Hex/Alch       0%         3d3       100%        5
 Bombard                  Conj/Erth      0%         9d1       100%        6
 Conjure Ball Lightning   Conj/Air       0%         3x3d6     100%        6
 Summon Cactus Giant      Summ           0%         N/A       100%        6
 Enfeeble                 Hex            0%         N/A       100%        7
 Orb of Destruction       Conj           0%         9d5       100%        7


Dungeon Overview and Level Annotations

Branches:
Dungeon (12/15)            Temple (1/1) D:5            Lair (0/5) D:10
    Orc (2/2) D:10            Elf (0/3) Orc:2        Bailey (visited)

Altars:
Ashenzari
Cheibriados
Dithmenos
Elyvilon
Fedhas
Gozag
Hepliaklqana
Kikubaaqudgha
Makhleb
Nemelex Xobeh
Okawaru
Qazlal
Ru
Sif Muna
Trog
Uskayaw
Vehumet
Wu Jian
Xom
Yredelemnul
Zin
The Shining One
Beogh

Shops:
D:4 :   D:7 (   D:8 **   D:9 *   D:11 [

Annotations:
D:10 Fannar
D:11 Amaemon


Innate Abilities, Weirdness & Mutations

You are a hulking beast.
Your limbs bulge with bestial killing power. (Slay +4)
You cannot wear most types of armour.
You are amphibious.
You can wear up to eight rings at the same time.
Your skin changes colour to match your surroundings (Stealth+).
Your rubbery body absorbs attacks. (AC +1, EV +1)
((You are camouflaged when in or above water. (Stealth+)))
You have tentacles for arms and can constrict up to eight enemies at once.


Message History

You grab the orc.
The orc is lightly wounded.
You constrict the orc!
You kill the orc!
The orc closely misses you.
You tentacle-slap the orc. You grab the orc. You squeeze the orc.
You kill the orc!
You tentacle-slap the boulder beetle but do no damage.
The boulder beetle is moderately wounded.
The boulder beetle bites you!!
* * * LOW HITPOINT WARNING * * *
You bludgeon the boulder beetle!
The boulder beetle is heavily wounded.
You block the boulder beetle's attack.
Aiming: Fastroot
Press: ? - help, Shift-Dir - straight line, f - boulder beetle
Aim: a boulder beetle (heavily wounded)
The roots erupt in riotous growth!
Roots grab the boulder beetle.
The now-empty wand crumbles to dust.
The grasping roots constrict the boulder beetle!
The boulder beetle is distracted by your dazzling golden aura.
The roots lose their grip on something.
Things that are here:
5 gold pieces; a +0 war axe; a +0 leather armour
Aiming: Throw Flame
Press: ? - help, Shift-Dir - straight line, f/p - boulder beetle
Aim: a boulder beetle (heavily wounded, wandering, hasn't noticed you, 100% to hit)
The puff of flame hits the boulder beetle but does no damage.
The boulder beetle is heavily wounded.
Unknown command.
You tentacle-slap the boulder beetle but do no damage.
The boulder beetle is heavily wounded.
The boulder beetle bites you.
* * * LOW HITPOINT WARNING * * *
You barely miss the boulder beetle.
The boulder beetle is heavily wounded.
The boulder beetle bites you!!
You die...
Your body crumbles into a pile of gold.

######## #......######
+.!.......$.# #
####.......###B#
##.#<#......°.#.h$#
#>...................#
#..#.#.#......#.###....#
#..#......(....... ....+
#. #.#.#...#....... ...#
.. #.#.#.#.#...........#
. #.#.#.#.#........ ..#
. #.....#.#.... ###.#


You could see a boulder beetle.

Vanquished Creatures
  Harold (D:10)
  5 two-headed ogres
  3 orc knights
  3 orc sorcerers
  5 kobold blastminers
  A gargoyle (D:10)
  3 unseen horrors
  Psyche (D:9)
  Grinder (D:4)
  2 trolls
  Prince Ribbit (D:6)
  A hornet (D:8)
  Sigmund (D:6)
  6 wraiths
  A shadow (D:11)
  16 yaks
  Grum (D:9)
  2 wargs
  Menkaure (D:6)
  2 water moccasins (D:9)
  2 acid dragons
  18 orc warriors
  2 ice beasts
  2 ogres
  2 centaurs
  5 wolves
  2 phantoms
  8 kobold brigands
  Blork the orc (D:4)
  4 bullfrogs
  2 gnoll sergeants (D:9)
  A scorpion (D:5)
  4 wights
  6 killer bees (D:10)
  7 howler monkeys
  A jelly (D:5)
  A bombardier beetle (D:5)
  A gnoll bouda (D:7)
  3 hounds
  15 orc priests
  4 sleepcaps
  An iguana (D:4)
  21 orc wizards
  18 gnolls
  6 adders
  A white imp (D:6)
  2 ufetubi (D:5)
  3 dart slugs
  59 orcs
  8 endoplasms
  2 giant cockroaches (D:2)
  17 goblins
  8 hobgoblins
  6 quokkas
  8 ball pythons
  5 bats
  3 frilled lizards
  15 kobolds
  7 rats
338 creatures vanquished.

Vanquished Creatures (collateral kills)
  An orc warlord (Orc:2)
  Josephine (Orc:2)
  A two-headed ogre (D:9)
  An orc knight (Orc:2)
  An orc sorcerer (Orc:2)
  A troll (Orc:2)
  4 orc warriors
  An ogre (Orc:2)
  6 orcs
17 creatures vanquished.

Vanquished Creatures (others)
  A warg (Orc:1)
  7 orc warriors
  An ogre (Orc:2)
9 creatures vanquished.

Grand Total: 364 creatures vanquished

Notes
Turn   | Place    | Note
-------+----------+-------------------------------------------
     0 | D:1      | runemasterragnar the Octopode Shapeshifter began the quest
                  | for the Orb.
     0 | D:1      | Reached XP level 1. HP: 13/13 MP: 1/1
    46 | D:1      | Reached XP level 2. HP: 13/18 MP: 2/2
   124 | D:1      | Reached skill level 1 in Stealth
   382 | D:1      | Reached XP level 3. HP: 23/24 MP: 3/3
   920 | D:2      | Identified the +0 leather armour of Hospitality {rElec
                  | Will- Str+3 Dex+3}
  1622 | D:3      | Reached XP level 4. HP: 24/29 MP: 4/4
  1774 | D:3      | Found a shimmering altar of Xom.
  1952 | D:3      | Found a white marble altar of Elyvilon.
  1952 | D:3      | Found a burning altar of Makhleb.
  1953 | D:3      | Found a shadowy altar of Dithmenos.
  2305 | D:4      | Noticed Blork the orc
  2311 | D:4      | Killed Blork the orc
  2312 | D:4      | Reached XP level 5. HP: 9/36 MP: 5/5
  2614 | D:4      | Found Uruf Cimy's Book Shop.
  2620 | D:4      | Noticed Grinder
  2622 | D:4      | Paralysed by Grinder for 3 turns
  2629 | D:4      | Killed Grinder
  2630 | D:4      | Reached skill level 1 in Shields
  2630 | D:4      | Reached XP level 6. HP: 12/43 MP: 6/6
  2886 | D:4      | Reached XP level 7. HP: 34/47 MP: 7/7
  2933 | D:4      | Found a snail-covered altar of Cheibriados.
  3492 | D:5      | Entered Level 5 of the Dungeon
  3625 | D:5      | Identified the +3 whip of Innocence {flame, rPois rC+ rCorr
                  | Int+2}
  3897 | D:5      | Reached XP level 8. HP: 54/54 MP: 8/8
  4335 | D:5      | Reached skill level 5 in Fighting
  4335 | D:5      | Reached skill level 5 in Stealth
  4506 | D:5      | Found a staircase to the Ecumenical Temple.
  4516 | Temple   | Entered the Ecumenical Temple
  4690 | D:6      | Found an iron altar of Okawaru.
  4862 | D:6      | Noticed Menkaure
  4869 | D:6      | Killed Menkaure
  4960 | D:6      | Noticed Prince Ribbit
  4969 | D:6      | Killed Prince Ribbit
  5294 | D:6      | Noticed Sigmund
  5309 | D:6      | Killed Sigmund
  5310 | D:6      | Reached XP level 9. HP: 18/63 MP: 9/9
  5732 | D:7      | Reached skill level 5 in Shapeshifting
  5927 | D:7      | Found a flagged portal.
  5943 | Bailey   | Entered a bailey
  5964 | Bailey   | Reached skill level 5 in Dodging
  6316 | Bailey   | Identified the +4 flail of the Building Traitor {heavy,
                  | MP+9 Str+3}
  6329 | Bailey   | Reached skill level 1 in Evocations
  6769 | Bailey   | Found an iron altar of Okawaru.
  6928 | D:7      | Found Wuqy's Weapon Shoppe.
  7306 | D:7      | Found a basalt altar of Yredelemnul.
  7573 | D:8      | Reached XP level 10. HP: 56/72 MP: 10/10
  7769 | D:8      | Found a hazy altar of Hepliaklqana.
  8259 | D:8      | Found a hide-covered altar of Uskayaw.
  8268 | D:8      | Reached skill level 5 in Shields
  8508 | D:8      | Noticed a two-headed ogre
  8519 | D:8      | Found an ornate altar of the Wu Jian Council.
  8765 | D:8      | Found Newad Err's Specific Store.
  8768 | D:8      | Found Gicyreorph's General Store.
  8963 | D:9      | Noticed Grum
  8965 | D:9      | Noticed a two-headed ogre
  8989 | D:9      | Killed Grum
  8996 | D:9      | Killed a two-headed ogre
  9093 | D:9      | Found Bionosoy's Serpentskin Sales.
  9626 | D:9      | Noticed a two-headed ogre
  9639 | D:9      | Killed a two-headed ogre
  9640 | D:9      | Reached skill level 5 in Evocations
  9640 | D:9      | Reached XP level 11. HP: 80/80 MP: 11/11
  9663 | D:9      | Noticed Psyche
  9670 | D:9      | Killed Psyche
  9687 | D:9      | Noticed a two-headed ogre
  9688 | D:9      | Found a sacrificial altar of Ru.
  9774 | D:10     | Entered Level 10 of the Dungeon
  9782 | D:10     | Found a staircase to the Lair.
  9804 | D:10     | HP: 1/81 [warg (11)]
  9808 | D:10     | Noticed a two-headed ogre
 10136 | D:9      | Killed a two-headed ogre
 10417 | D:9      | Found a shimmering blue altar of Sif Muna.
 10495 | D:9      | Noticed a two-headed ogre
 10505 | D:9      | Killed a two-headed ogre
 10506 | D:9      | Reached skill level 10 in Fighting
 10506 | D:9      | Reached skill level 10 in Stealth
 11130 | D:10     | Noticed Harold
 11152 | D:10     | Killed Harold
 11181 | D:10     | HP: 1/82 [orc priest/divine providence (12)]
 11593 | D:10     | Killed a two-headed ogre
 12720 | D:10     | Found a staircase to the Orcish Mines.
 12918 | D:10     | Found an opulent altar of Gozag.
 13080 | D:10     | Became a worshipper of Gozag Ym Sagoz the Greedy
 13116 | D:11     | Found a flickering gateway to a bazaar.
 13129 | Bazaar   | Entered a bazaar
 13129 | Bazaar   | Found Gumaacsy's Antique Weapon Shoppe.
 13129 | Bazaar   | Found Veh Onodd's Magic Scroll Shop.
 13137 | Bazaar   | Found Puuvapt's Jewellery Shop.
 13177 | Bazaar   | Found Nies's Weapon Shoppe.
 13184 | Bazaar   | Found Zurghylu's Magic Scroll Boutique.
 13217 | Bazaar   | Bought the ring "Pogg" {+Blink rC+ Int+6 Dex+4} for 654
                  | gold pieces
 13218 | Bazaar   | Bought a ring of positive energy for 200 gold pieces
 13244 | Bazaar   | Bought a scroll of identify for 16 gold pieces
 13244 | Bazaar   | Bought a scroll of identify for 16 gold pieces
 13244 | Bazaar   | Bought a scroll of identify for 16 gold pieces
 13244 | Bazaar   | Bought a scroll of teleportation for 24 gold pieces
 13264 | Bazaar   | Bought a scroll of identify for 18 gold pieces
 13264 | Bazaar   | Bought a scroll of identify for 18 gold pieces
 13264 | Bazaar   | Bought a scroll of identify for 18 gold pieces
 13284 | Bazaar   | Bought a scroll of fog for 32 gold pieces
 13332 | D:11     | Found a hazy altar of Hepliaklqana.
 13348 | D:11     | Reached XP level 12. HP: 90/90 MP: 12/12
 13576 | D:11     | Noticed a two-headed ogre
 13588 | D:11     | Killed a two-headed ogre
 14025 | D:11     | Found a hazy altar of Hepliaklqana.
 14454 | D:11     | Noticed Amaemon
 14565 | Orc:1    | Entered Level 1 of the Orcish Mines
 15420 | Orc:1    | HP: 2/91 [kobold blastminer (5)]
 16261 | Orc:2    | Entered Level 2 of the Orcish Mines
 16262 | Orc:2    | Identified a scroll of acquirement
 16265 | Orc:1    | Acquired the ring "Kadeweug" {rPois rF+ Str+6}
 16551 | Orc:2    | Noticed Josephine
 16671 | Orc:2    | Noticed an orc warlord
 16697 | Orc:2    | Killed an orc warlord
 17090 | Orc:2    | Noticed an orc high priest
 17486 | Orc:2    | Killed Josephine
 17888 | Orc:2    | Paralysed by an orc sorcerer for 3 turns
 18023 | Orc:2    | Found a roughly hewn altar of Beogh.
 18363 | Orc:2    | Reached XP level 13. HP: 96/98 MP: 13/13
 18460 | Orc:2    | Found a staircase to the Elven Halls.
 18929 | D:10     | Noticed Fannar
 19214 | D:12     | Mangled by a boulder beetle

Illustrated notes

Levels and vault maps discovered:
D:1:      lightli_iron_boxes, layout_rooms, hangedman_decor_points,
          st_stairs_14, nrook_loot_triangle, serial_bayou_lake_a
D:2:      layout_basic
D:3:      layout_rooms, lemuel_doored_altar,
          gammafunk_temple_overflow_forgotten, minmay_misc_feat_secret_circle,
          serial_bayou_lagoon_b
D:4:      layout_basic, mainiacjoe_overflow_24_doors, serial_shops, shop,
          amethyst_killhole, nicolae_elevator_lobby_asterisk, uniq_grinder,
          uniq_blork_the_orc
D:5:      layout_basic, temple_hall, corexii_corridor_pit
D:6:      layout_loops_ring, lemuel_crystal_altar, uniq_menkaure, uniq_sigmund,
          uniq_prince_ribbit1
D:7:      layout_basic, yredelemnul_altar_generic, enter_bailey_5, serial_shops,
          nicolae_shop_advertising_works [nicolae_subvault_shop_adworks],
          abandoned_shop
D:8:      layout_basic, mainiacjoe_overflow_catwalk, lemuel_tele_altar,
          nicolae_overflow_crystal_walls, moated_statue, nicolae_specific_store
D:9:      layout_loops_ring, hellmonk_sif_muna_bookshelves,
          nicolae_ru_awakened_eye, guppyfry_shop_venom, uniq_psyche, uniq_grum
D:10:     layout_loops_ring, grunt_gozag_breadcrumbs, erik_lair_orcish_takeover,
          david_orc_4, chequers_arboretum, minmay_puff, uniq_sonja, uniq_fannar,
          uniq_harold
D:11:     layout_basic, serial_shops, bzr_entry_dummy, hangedman_feature_mirror,
          uniq_amaemon
D:12:     layout_basic, chequers_serial_rivers_large_a, uniq_frances
Temple:   jpeg_temple_island
Orc:1:    layout_diamond_mine
Orc:2:    st_orc_congregation, layout_diamond_mine, basic_altar, uniq_josephine

Skill      XL: |  1  2  3  4  5  6  7  8  9 10 11 12 13 |
---------------+----------------------------------------+-----
Stealth        | 1 2 3 4 6 7 9 11 12 13 | 13.1
Fighting       | 2 3 4 6 7 9 11 12 13 | 13.1
Dodging        | 3 4 5 6 |  6.0
Shields        | 1 2 3 4 5 |  5.0
Unarmed Combat | 4 |  4.3
Shapeshifting  | 4 5 6 7 9 |  9.1
Evocations     | 2 5 6 8 |  8.8

Action                     |  1- 3 |  4- 6 |  7- 9 | 10-12 | 13-15 || total
---------------------------+-------+-------+-------+-------+-------++-------
  Melee: Unarmed           |    79 |    57 |    41 |   327 |    31 ||   535
         Constrict         |    20 |    15 |    54 |   100 |     6 ||   195
         Tentacles         |     8 |     9 |    51 |   148 |     7 ||   223
         Punch             |     1 |       |       |    18 |     2 ||    21
         Whip              |       |       |   183 |   141 |       ||   324
  Throw: Dart              |       |       |       |    48 |       ||    48
         Boomerang         |       |       |       |     2 |       ||     2
 Invoke: Potion Petition   |       |       |       |       |     1 ||     1
         Call Merchant     |       |       |       |       |     1 ||     1
  Evoke: Wand              |       |       |     3 |    71 |     6 ||    80
         Box of beasts     |       |       |       |     2 |     1 ||     3
    Use: Scroll            |     7 |     2 |     4 |     7 |     2 ||    22
         Potion            |       |       |     4 |     4 |     4 ||    12
   Stab: Sleeping          |     5 |     7 |    13 |     9 |       ||    34
         Distracted        |       |       |       |     3 |       ||     3
 Armour: Skin              |    30 |    18 |   105 |   277 |    32 ||   462
  Dodge: Dodged            |    38 |    22 |    97 |   228 |    23 ||   408
  Block: Buckler           |       |     8 |    59 |   161 |    19 ||   247

Table legend: (Time is in decaauts)
 A = Elapsed time spent in this place.
 B = Non-inter-level travel time spent in this place.
 C = Inter-level travel time spent in this place.
 D = Time resting spent in this place.
 E = Time spent auto-exploring this place.
 F = Levels seen in this place.
 G = Mean time per level.
                   A        B        C        D        E       F      G
               +--------+--------+--------+--------+--------+-----+--------+
         Total |  19240 |  18597 |    643 |   5705 |   9956 |  17 | 1131.8 |
       Dungeon |  14854 |  14249 |    605 |   3198 |   9116 |  12 | 1237.8 |
        Temple |     14 |     14 |      0 |      0 |      0 |   1 |   14.0 |
  Orcish Mines |   3328 |   3291 |     37 |   1840 |    770 |   2 | 1664.0 |
        Bazaar |    189 |    189 |      0 |      0 |     22 |   1 |  189.0 |
        Bailey |    852 |    852 |      0 |    666 |     48 |   1 |  852.0 |
               +--------+--------+--------+--------+--------+-----+--------+

Top non-repeatable levels by time:
    D:10: 3092 daAuts
     D:9: 2235 daAuts
   Orc:1: 2019 daAuts
    D:11: 1456 daAuts
     D:4: 1375 daAuts
     D:8: 1366 daAuts
   Orc:2: 1309 daAuts
     D:5: 1080 daAuts
     D:6: 1051 daAuts
     D:7: 988 daAuts
  Bailey: 852 daAuts
     D:2: 835 daAuts
     D:1: 724 daAuts
     D:3: 610 daAuts
  Bazaar: 189 daAuts
